 Dungeon Crawl Stone Soup version 0.29.1-12-g30fa7ad0bf (webtiles) character file.

Game seed: 16654479726852351105

16 hawla the Chiller (level 3, -5/26 HPs)
             Began as a Meteoran Ice Elementalist on Dec 25, 2022.
             Slain by a gnoll
             ... wielding a +0 spear
              (9 damage)
             ... on level 2 of the Dungeon.
             The game lasted 00:01:48 (117 turns).

hawla the Chiller (Meteoran Ice Elementalist)        Turns: 117, Time: 00:01:49

Health: -5/26      AC:  2    Str:  9    XL:     3   Next: 0%
Magic:  7/8        EV: 12    Int: 19    God:
Gold:   2          SH:  0    Dex: 14    Spells: 6/7 levels left

rFire   . . .      SeeInvis .   (no weapon)
rCold   . . .      Faith    .   (no shield)
rNeg    . . .      Spirit   .   a - +0 robe
rPois   .          Reflect  .   (no helmet)
rElec   .          Harm     .   (no cloak)
rCorr   .          Rampage  .   (no gloves)
Will    .....                   (no boots)
Stlth   +.........              (no amulet)
HPRegen 0.08/turn               (no ring)
MPRegen 0.11/turn               (no ring)

@: glowing
A: sense surroundings 1, otherworldly, glowing, explore regen
a: no special abilities


You were on level 2 of the Dungeon.
You visited 1 branch of the dungeon, and saw 2 of its levels.

You collected 2 gold pieces.

Inventory:

Armour
 a - a +0 robe (worn)
Potions
 b - a potion of magic


   Skills:
 + Level 2.6 Dodging
 - Level 1.4 Stealth
 + Level 2.8 Spellcasting
 + Level 5.0 Ice Magic


You had 6 spell levels left.
You knew the following spells:

 Your Spells              Type           Power      Damage    Failure   Level
a - Freeze                Ice            84%        1d10      1%          1

Your spell library contained the following spells:

 Spells                   Type           Power      Damage    Failure   Level
 Frozen Ramparts          Ice            42%        1d7       6%          3
 Ozocubu's Armour         Ice            21%        N/A       6%          3
 Hailstorm                Conj/Ice       12%        3d5       50%         4


Dungeon Overview and Level Annotations

Branches:
Dungeon (2/15) Zot: 1082

Altars:


Innate Abilities, Weirdness & Mutations

You passively map a small area around you.
You are easily found by Zot.
You glow in the dark.
You regain HP and MP as you explore.


Message History

You feel clever. x3
The gnoll hits you but does no damage. The gnoll hits you but does no damage.
The gnoll hits you but does no damage.
The gnoll hits you from afar with a +0 spear.
You aren't carrying any scrolls.
What are your orders? t - Creak!
Orders for allies: a - Attack new target. r - Retreat! s - Stop attacking. g - Guard the area. f - Follow me.
Anything else - Cancel.
Okay, then.
The gnoll hits you but does no damage. The gnoll hits you but does no damage.
The gnoll hits you but does no damage. The gnoll barely misses you.
The gnoll hits you but does no damage. The gnoll hits you but does no damage.
The gnoll hits you but does no damage. The gnoll hits you but does no damage.
The gnoll hits you but does no damage.
Your transformation is almost over.
The gnoll hits you but does no damage. The gnoll hits you but does no damage.
The gnoll hits you but does no damage. The gnoll completely misses you.
The gnoll hits you from afar with a +0 spear.
The gnoll hits you but does no damage. The gnoll hits you but does no damage.
The gnoll hits you but does no damage.
The gnoll hits you from afar with a +0 spear.
The gnoll hits you but does no damage.
You feel less wooden.
Your +0 robe unmelds from your body.
The gnoll hits you from afar with a +0 spear!
* * * LOW HITPOINT WARNING * * *
The gnoll completely misses you. The gnoll hits you with a +0 spear!
You die...

* , , , * ###
,..# *
****###* #.#
,*** ..# #g#
* #.# #g# ,
#.# #@# , , *
#.# #.# *,
#.# #.# *
#####.####.#
,
#..........#
*,
#.###.######
#,* #.# #.# *
###.###.# #.#
........###.#
,*


You could see 2 gnolls.

Vanquished Creatures
  A gnoll (D:2)
  2 ball pythons
  An endoplasm (D:1)
  2 goblins (D:1)
6 creatures vanquished.

Notes
Turn   | Place    | Note
-------+----------+-------------------------------------------
     0 | D:1      | hawla the Meteoran Ice Elementalist began the quest for the
                  | Orb.
     0 | D:1      | Reached XP level 1. HP: 14/14 MP: 5/5
    65 | D:1      | Reached XP level 2. HP: 8/20 MP: 1/6
    92 | D:2      | Reached skill level 5 in Ice Magic
    92 | D:2      | Reached XP level 3. HP: 20/26 MP: 4/8
   117 | D:2      | Slain by a gnoll

Illustrated notes

Levels and vault maps discovered:
D:1:      minmay_arrival_three_doors, layout_basic, minivault_26
D:2:      layout_loops_ring, basic_altar, minmay_misc_feat_hallway, uniq_natasha

Skill      XL: |  1  2 |
---------------+-------+-----
Ice Magic      | 5 |  5.0
Dodging        | |  2.6
Stealth        | |  1.4
Spellcasting   | |  2.8

Action                   || total
-------------------------++-------
Melee: Unarmed           ||     2
 Cast: Freeze            ||    12
  Use: Potion            ||     1
Armor: Robe              ||     4
       Skin              ||    22
Dodge: Dodged            ||    10
